 Dungeon Crawl Stone Soup version 0.16.2-12-gd0ad4c3 (webtiles) character file.

147 gorblad the Skirmisher (level 5, 0/42 HPs)
             Began as a Demonspawn Abyssal Knight on Sept 14, 2015.
             Was a Priest of Lugonu.
             Slain by a quokka (1 damage)
             ... on level 3 of the Dungeon.
             The game lasted 00:09:27 (1997 turns).

gorblad the Skirmisher (Demonspawn Abyssal Knight)  Turns: 1997, Time: 00:09:27

Health: 0/42       AC: 20    Str: 18    XL:     5   Next: 8%
Magic:  7/7        EV:  8    Int: 14    God:    Lugonu [***...]
Gold:   243        SH:  0    Dex: 12    Spells: 0 memorised, 4 levels left

rFire  . . .     SeeInvis .     n - +0 scythe
rCold  . . .     Clarity  .     r - +0 chain mail (curse)
rNeg   . . .     SustAb   .     (no shield)
rPois  .         Gourm    .     (no helmet)
rElec  .         Spirit   .     e - +2 cloak
rCorr  .         Warding  .     (no gloves)
rMut   .         Stasis   .     (no boots)
MR     .....                    o - amulet of rage
Stlth  ..........               (no ring)
                                l - +5 ring of protection

@: mighty, very slightly contaminated, not resistant to hostile enchantments,
extremely unstealthy
A: thin metallic scales 2, rot immunity
a: Depart the Abyss, Bend Space, Banish, Renounce Religion, Evoke Berserk Rage


You were on level 3 of the Dungeon.
You worshipped Lugonu.
Lugonu was most pleased with you.
You were near starving.

You visited 1 branch of the dungeon, and saw 3 of its levels.
You visited the Abyss 1 time.

You collected 243 gold pieces.

Inventory:

Hand weapons
 a - a +1 spear
 g - a +0 spear
 n - a +0 scythe (weapon)
Armour
 b - a +0 leather armour
 e - a +2 cloak (worn)
 r - a cursed +0 chain mail (worn)
Jewellery
 l - a +5 ring of protection (left hand)
 o - an amulet of rage (around neck)
Potions
 d - 2 potions of cancellation
 f - a potion of restore abilities
 h - 2 potions of brilliance
Comestibles
 c - a bread ration
 i - 3 meat rations


   Skills:
 + Level 4.0 Fighting
 + Level 2.8 Polearms
 + Level 2.4 Armour
 + Level 2.1 Dodging
 + Level 2.7 Invocations
 + Level 0.4 Evocations


You had 4 spell levels left.
You didn't know any spells.

Dungeon Overview and Level Annotations

Branches:
Dungeon (3/15)

Altars:
Ashenzari
Okawaru


Innate Abilities, Weirdness & Mutations

You are mostly covered in thin metallic scales (AC +3).
You are immune to rotting.


Message History

The quokka bites you but does no damage.
The quokka bites you.
* * * LOW HITPOINT WARNING * * *
You miss the quokka. The quokka barely misses you.
The quokka closely misses you.
You closely miss the quokka.
The quokka bites you but does no damage.
The phantom blinks!
The quokka twitches its whiskers.
The quokka closely misses you.
You hit the quokka.
The quokka is severely wounded.
The quokka barely misses you.
The quokka bites you but does no damage.
The quokka bites you.
* * * LOW HITPOINT WARNING * * *
You barely miss the quokka.
The quokka is moderately wounded.
The quokka bites you.
You die...

##.###.###....##..........# #.#
##.#........######.#.#
#.###(#.#..#.#### ###....# .#
##.##.###...#<# ##...#..##.# ##
...#.## ##..#.# #...###...# #.#
#####.###...#.# ##...#..##.#.#
....>#.#.#..#.# #.#....# #.#
...#.##..#).#.######.##...###.###
...#.....#.....r@W.....##...§.§..
......#.##...#########.##.###.###
......)......### #.##.# #.#
......#).........# #.##.. ..#
...####..##..###.# #. .>###.#
...# #♣≈≈#..# #. .## ##. ....
♣≈♣≈.... .?.# # #..#≈ ≈≈≈≈≈####
.# #..♣♣ ≈≈≈♣≈♣


You could see a phantom and a quokka.

Vanquished Creatures
  An orc priest (D:3)
  An orc wizard (D:3)
  3 adders
  A giant mite (D:1)
  A giant gecko (D:3)
  An ooze (D:1)
  2 orcs (D:3)
  A giant cockroach (D:2)
  6 hobgoblins
  8 jackals
  7 kobolds
  2 quokkas (D:2)
  5 bats
  3 giant newts
  5 goblins
  6 rats
53 creatures vanquished.

Notes
Turn   | Place    | Note
--------------------------------------------------------------
     0 | Abyss:1  | gorblad, the Demonspawn Abyssal Knight, began the quest for the Orb.
     0 | Abyss:1  | Reached XP level 1. HP: 18/18 MP: 1/1
     6 | D:1      | Escaped the Abyss
    69 | D:1      | Reached skill level 1 in Dodging
   234 | D:1      | Gained mutation: You are immune to rotting. [demonic ancestry]
   234 | D:1      | Reached XP level 2. HP: 21/24 MP: 2/2
   277 | D:1      | Found an iron altar of Okawaru.
   351 | D:1      | Acquired Lugonu's second power
   579 | D:1      | Reached XP level 3. HP: 27/29 MP: 4/4
  1286 | D:2      | Found a shattered altar of Ashenzari.
  1348 | D:2      | Gained mutation: You are partially covered in thin metallic scales (AC +2). [demonic ancestry]
  1348 | D:2      | Reached XP level 4. HP: 35/37 MP: 5/5
  1417 | D:3      | Acquired Lugonu's third power
  1622 | D:3      | Reached skill level 4 in Fighting
  1622 | D:3      | Gained mutation: You are mostly covered in thin metallic scales (AC +3). [demonic ancestry]
  1622 | D:3      | Reached XP level 5. HP: 14/42 MP: 7/7
  1878 | D:3      | Noticed a phantom
  1996 | D:3      | HP: 1/42 [quokka (3)]
  1997 | D:3      | Slain by a quokka

Action                   |  1- 3 |  4- 6 || total
-------------------------+-------+-------++-------
Melee: Spear             |    89 |       ||    89
       Scythe            |    49 |   103 ||   152
 Abil: Evoke Berserk Rag |     1 |     3 ||     4
  Use: Scroll            |     4 |     4 ||     8
       Potion            |       |     3 ||     3
 Stab: Distracted        |       |     1 ||     1
  Eat: Chunk             |     2 |     3 ||     5
